 Dungeon Crawl Stone Soup version 0.27-a0-385-g3208abaabc (webtiles) character file.

Game seed: 9675845046416057363

36976 Amanar the Carver (level 13, 0/105 HPs)
             Began as a Gnoll Berserker on Feb 18, 2021.
             Was a High Priest of Trog.
             Slain by a skeletal warrior
             ... wielding a +0 broad axe of electrocution
             ... summoned by a boggart
              (10 damage)
             ... on level 14 of the Dungeon.
             The game lasted 01:20:08 (19182 turns).

Amanar the Carver (Gnoll Berserker)                Turns: 19182, Time: 01:20:08

Health: 0/105      AC: 20    Str: 17    XL:     13   Next: 93%
Magic:  25/25      EV: 16    Int: 10    God:    Trog [*****.]
Gold:   191        SH:  5    Dex: 22    Spells: 29/29 levels left

rFire    . . .     SeeInvis .   D - +4 executioner's axe (venom)
rCold    . . .     Faith    .   (shield currently unavailable)
rNeg     . . .     Spirit   .   m - +0 plate armour
rPois    .         Reflect  +   x - +0 helmet {Int+3}
rElec    .         Harm     .   (no cloak)
rCorr    .         Rampage  .   n - +2 pair of gloves
Will     .....                  f - +0 pair of boots
Stlth    ..........             l - amulet of reflection
HPRegen  0.27/turn              q - +6 ring of dexterity
MPRegen  0.19/turn              z - +4 ring of evasion

@: lethally poisoned (0 -> -5), berserk cooldown, slowed, very slow
A: distributed training, fangs 1, strong nose
a: Renounce Religion, Berserk, Trog's Hand, Brothers in Arms


You were on level 14 of the Dungeon.
You worshipped Trog.
Trog was extremely pleased with you.
You visited 1 branch of the dungeon, and saw 15 of its levels.
You visited 1 bazaar.

You collected 760 gold pieces.
You spent 569 gold pieces at shops.

Inventory:

Hand Weapons
 D - a +4 executioner's axe of venom (weapon)
   (You took it off Rupert on level 13 of the Dungeon)
Missiles
 j - a throwing net {!f}
Armour
 f - a +0 pair of boots (worn)
   (You found it on level 9 of the Dungeon)
 m - a +0 plate armour (worn)
   (You took it off an orc warrior on level 12 of the Dungeon)
 n - a +2 pair of gloves (worn)
   (You found it on level 3 of the Dungeon)
 x - a +0 helmet of intelligence (worn)
   (You found it on level 13 of the Dungeon)
Jewellery
 e - an amulet of regeneration
   (You found it on level 10 of the Dungeon)
 l - an amulet of reflection (around neck)
   (You found it on level 13 of the Dungeon)
 q - a +6 ring of dexterity (left hand)
   (You found it on level 13 of the Dungeon)
 s - a ring of flight
   (You found it on level 6 of the Dungeon)
 z - a +4 ring of evasion (right hand)
   (You found it on level 14 of the Dungeon)
 C - a ring of positive energy
   (You took it off a centaur on level 10 of the Dungeon)
Wands
 d - a wand of iceblast (13)
   (You took it off an orc on level 9 of the Dungeon)
 o - a wand of charming (7)
   (You found it on level 4 of the Dungeon)
 t - a wand of flame (9)
   (You found it on level 10 of the Dungeon)
 u - a wand of paralysis (14)
   (You found it on level 2 of the Dungeon)
 v - a wand of digging (3)
   (You bought it in a shop on level 12 of the Dungeon)
 w - a wand of mindburst (5)
   (You found it on level 8 of the Dungeon)
Scrolls
 c - 2 scrolls of fog
 g - 3 scrolls of enchant armour
 h - 5 scrolls of teleportation {@r4}
 k - 5 scrolls of fear
 y - 3 scrolls of magic mapping
 A - 18 scrolls of identify {@r1}
Potions
 a - a potion of magic {unknown}
 b - 4 potions of curing {@q1}
 i - a potion of might
 p - 2 potions of resistance
 r - a potion of flight


   Skills:
 + Level 10.8 Fighting
 + Level 8.7 Short Blades
 + Level 10.8 Long Blades
 + Level 8.7 Axes
 + Level 8.7 Maces & Flails
 + Level 8.7 Polearms
 + Level 8.7 Staves
 + Level 8.7 Slings
 + Level 8.7 Bows
 + Level 8.7 Crossbows
 + Level 8.7 Throwing
 + Level 9.9 Armour
 + Level 9.9 Dodging
 + Level 8.7 Stealth
 + Level 8.7 Shields
 + Level 8.7 Unarmed Combat
 + Level 8.7 Spellcasting
 + Level 7.2 Conjurations
 + Level 7.2 Hexes
 + Level 7.2 Summonings
 + Level 7.2 Necromancy
 + Level 7.2 Translocations
 + Level 7.2 Transmutations
 + Level 7.2 Fire Magic
 + Level 7.2 Ice Magic
 + Level 7.2 Air Magic
 + Level 7.2 Earth Magic
 + Level 7.2 Poison Magic
 + Level 9.5 Invocations
 + Level 8.7 Evocations


You had 29 spell levels left.
You didn't know any spells.
Your spell library was empty.

Dungeon Overview and Level Annotations

Branches:
Dungeon (15/15)            Temple (0/1) D:5            Lair (0/6) D:10
    Orc (0/2) D:10         Vaults (0/5) D:13         Depths (0/5) D:15

Altars:
Ashenzari
Cheibriados
Dithmenos
Elyvilon
Fedhas
Gozag
Kikubaaqudgha
Makhleb
Okawaru
Qazlal
Ru
Trog
Wu Jian
Xom
Yredelemnul
Jiyva

Shops:
D:11 *(   D:12 *   D:13 *

Portals:
Trove: D:14 (give 10 potions of heal wounds)

Annotations:
D:14 2 transporters
D:15 Josephine


Innate Abilities, Weirdness & Mutations

Your experience applies equally to all skills.
You have very sharp teeth.
Your uncanny sense of smell can sniff out nearby items.


Message History

You kill the green ugly thing!
Trog accepts your kill.
You hit the skeletal warrior but do no damage.
You slash the green ugly thing!
You kill the green ugly thing!
Trog accepts your kill.
You slash the orc warrior!
The orc warrior is poisoned.
You hit the skeletal warrior but do no damage.
You feel sick.
The skeletal warrior closely misses you.
The orc warrior hits you with a +0 hand axe.
* * * LOW HITPOINT WARNING * * *
You closely miss the orc. Your bite misses the orc.
You closely miss the skeletal warrior.
Your plate armour prevents you from hitting something.
You slash the skeletal warrior! You slash the orc warrior!
You kill the orc warrior!
The orc warrior's corpse dissolves into shadows!
You feel sick.
You hear some strange, mumbled words.
The skeletal warrior hits you but does no damage. x2
You block the orc's attack.
You slice the orc!!
You kill the orc!
The orc's corpse dissolves into shadows!
You hit the skeletal warrior but do no damage.
You slash the orc priest!
The orc priest is poisoned.
You hit the skeletal warrior.
You feel sick.
The skeletal warrior hits you with a +0 mace.
* * * LOW HITPOINT WARNING * * *
The orc priest looks encouraged for a moment.
You block the skeletal warrior's attack.
You slash the skeletal warrior!
You destroy the skeletal warrior!
You slash the orc priest!
You kill the orc priest!
The orc priest's corpse dissolves into shadows!
You closely miss the skeletal warrior.
You are no longer berserk.
You are exhausted.
You feel yourself slow down.
You feel sick.
You barely miss the skeletal warrior.
Your plate armour prevents you from hitting the skeletal warrior.
You feel sick.
You block the skeletal warrior's attack.
The skeletal warrior hits you with a +0 long sword!
* * * LOW HITPOINT WARNING * * *
The skeletal warrior hits you with a +0 broad axe of electrocution!
You die...

.#....#.......(..#
##....##.........#
##.....#.#§......#
##.....#.#.......#
##.....#.#.......#
##.....#.#.......#
##.....#.#.......#
##.....#.#.....†.#
##.....#.#..>(..@#
########.......zz#
#.......:........#
.................#
.....##..........#
.....##..........#
.....##..........#
.....##..........#
.....##..........#


You could see 2 skeletal warriors.

Vanquished Creatures
  Rupert (D:13)
  Gastronok (D:9)
  Nessos (D:12)
  A catoblepas (D:14)
  A hydra (D:14)
  A boulder beetle (D:11)
  The ghost of dricus the Cleaver, a novice HOFi of Beogh (D:8)
  A dancing weapon (D:8)
  2 centaur warriors
  2 two-headed ogres
  A vampire mage (D:15)
  Urug (D:12)
  4 skeletal warriors
  2 unseen horrors (D:12)
  A glowing orange brain (shapeshifter) (D:14)
  A deep elf zephyrmancer (D:13)
  A salamander (shapeshifter) (D:14)
  7 ugly things
  2 cyclopes
  Joseph (D:9)
  Maggie (D:9)
  3 gargoyles
  4 centaur skeletons
  An ice statue (D:14)
  6 trolls
  2 tengu conjurers (D:14)
  A meliai zombie (D:12)
  6 slime creatures (D:12)
  2 vampires (D:14)
  4 shadows
  Sigmund (D:5)
  An ice dragon skeleton (D:15)
  A wraith (D:10)
  11 yaks
  15 humans
  2 wyverns
  An acid dragon (D:12)
  A water moccasin (D:12)
  An ice beast (D:7)
  7 orc warriors
  A necrophage (D:9)
  2 sky beasts
  3 boggarts (D:14)
  6 ogres
  9 centaurs
  2 phantoms
  A yaktaur zombie (D:15)
  A kobold brigand (D:12)
  9 bullfrogs
  An earth elemental (D:12)
  4 scorpions
  A wyvern skeleton (D:10)
  15 killer bees
  15 wights
  3 howler monkeys
  2 centaur zombies
  2 hounds
  3 jellies
  A bullfrog skeleton (D:12)
  5 orc priests
  4 iguanas
  11 orc wizards
  8 worker ants
  Natasha (twice) (D:3)
  A howler monkey zombie (D:8)
  A mummy (D:9)
  3 gnolls (D:2)
  8 adders
  A howler monkey skeleton (D:4)
  2 shadow imps
  2 white imps
  2 ufetubi
  An ooze (D:5)
  An adder zombie (D:8)
  An adder skeleton (D:9)
  3 worms
  2 dart slugs
  8 leopard geckos
  59 orcs
  11 giant cockroaches
  5 hobgoblins
  11 jackals
  5 quokkas
  10 bats
  5 frilled lizards
  A giant cockroach zombie (D:6)
  3 goblins
  6 kobolds
  4 rats
371 creatures vanquished.

Vanquished Creatures (others)
  A human (D:13)
  2 plants
  A withered plant (D:15)
4 creatures vanquished.

Grand Total: 375 creatures vanquished

Notes
Turn   | Place    | Note
-------+----------+-------------------------------------------
     0 | D:1      | Amanar the Gnoll Berserker began the quest for the Orb.
     0 | D:1      | Reached XP level 1. HP: 23/23 MP: 1/1
   342 | D:1      | Reached XP level 2. HP: 27/29 MP: 2/2
   883 | D:2      | Reached XP level 3. HP: 34/35 MP: 3/3
   931 | D:2      | Reached ** piety under Trog
  1064 | D:2      | Reached skill level 1 in Invocations
  1076 | D:2      | Reached skill level 1 in Short Blades
  1076 | D:2      | Reached skill level 1 in Axes
  1076 | D:2      | Reached skill level 1 in Maces & Flails
  1076 | D:2      | Reached skill level 1 in Polearms
  1076 | D:2      | Reached skill level 1 in Staves
  1076 | D:2      | Reached skill level 1 in Slings
  1076 | D:2      | Reached skill level 1 in Bows
  1076 | D:2      | Reached skill level 1 in Crossbows
  1076 | D:2      | Reached skill level 1 in Throwing
  1076 | D:2      | Reached skill level 1 in Stealth
  1076 | D:2      | Reached skill level 1 in Shields
  1076 | D:2      | Reached skill level 1 in Unarmed Combat
  1076 | D:2      | Reached skill level 1 in Spellcasting
  1076 | D:2      | Reached skill level 1 in Evocations
  1112 | D:2      | Reached XP level 4. HP: 27/41 MP: 5/5
  1362 | D:2      | Found an ancient bone altar of Kikubaaqudgha.
  1483 | D:2      | Reached skill level 1 in Conjurations
  1483 | D:2      | Reached skill level 1 in Hexes
  1483 | D:2      | Reached skill level 1 in Summonings
  1483 | D:2      | Reached skill level 1 in Necromancy
  1483 | D:2      | Reached skill level 1 in Translocations
  1483 | D:2      | Reached skill level 1 in Transmutations
  1483 | D:2      | Reached skill level 1 in Fire Magic
  1483 | D:2      | Reached skill level 1 in Ice Magic
  1483 | D:2      | Reached skill level 1 in Air Magic
  1483 | D:2      | Reached skill level 1 in Earth Magic
  1483 | D:2      | Reached skill level 1 in Poison Magic
  1790 | D:3      | Reached XP level 5. HP: 10/47 MP: 5/7
  2405 | D:3      | Noticed Natasha
  2421 | D:3      | Killed Natasha
  2422 | D:3      | Reached XP level 6. HP: 53/53 MP: 8/8
  2765 | D:3      | Found a stormy altar of Qazlal.
  2962 | D:3      | Noticed an air elemental
  2966 | D:3      | Noticed a water elemental
  2966 | D:3      | Noticed a fire elemental
  3140 | D:3      | Noticed Natasha
  3145 | D:3      | Killed Natasha
  3391 | D:4      | Reached skill level 5 in Armour
  3391 | D:4      | Reached skill level 5 in Dodging
  3693 | D:4      | Found a white marble altar of Elyvilon.
  3951 | D:4      | Reached XP level 7. HP: 40/59 MP: 10/10
  4544 | D:5      | Entered Level 5 of the Dungeon
  4667 | D:5      | Reached *** piety under Trog
  4767 | D:5      | Found a staircase to the Ecumenical Temple.
  4814 | D:5      | Got a bloodstained flail
  4815 | D:5      | Identified the +4 flail of Joyful Slaughter {elec, rC+
                  | Str+4} (You found it on level 5 of the Dungeon)
  4829 | D:5      | Noticed Sigmund
  4840 | D:5      | Killed Sigmund
  4991 | D:5      | Reached XP level 8. HP: 41/67 MP: 12/12
  5296 | D:5      | Found a sacrificial altar of Ru.
  5635 | D:6      | Found a basalt altar of Yredelemnul.
  5667 | D:6      | Noticed a yak
  5696 | D:6      | Killed a yak
  5744 | D:6      | Noticed a yak
  5745 | D:6      | Noticed a yak
  5745 | D:6      | Noticed a yak
  5746 | D:6      | Noticed a yak
  5761 | D:6      | Noticed a yak
  5767 | D:6      | Killed a yak
  5784 | D:6      | Killed a yak
  5788 | D:6      | Killed a yak
  5794 | D:6      | Killed a yak
  5795 | D:6      | Reached XP level 9. HP: 60/72 MP: 12/14
  6263 | D:6      | Found a broken altar of Ashenzari.
  6267 | D:6      | Saw a vision of the Shoals and the Spider Nest.
  6267 | D:6      | Noticed a wolf spider
  6267 | D:6      | Noticed a merfolk
  6267 | D:6      | Noticed a merfolk
  6267 | D:6      | Noticed a wind drake
  6267 | D:6      | Noticed a merfolk
  6268 | D:6      | Noticed a wolf spider
  6268 | D:6      | Noticed a merfolk siren
  7156 | D:7      | Found a shadowy altar of Dithmenos.
  7308 | D:7      | Found a blossoming altar of Fedhas.
  7418 | D:7      | Found an iron altar of Okawaru.
  7615 | D:8      | Reached skill level 5 in Invocations
  7983 | D:8      | Reached XP level 10. HP: 49/80 MP: 13/17
  8378 | D:8      | Found a runed translucent door.
  8378 | D:8      | Found a shimmering altar of Xom.
  8378 | D:8      | Noticed dricus's ghost (novice HOFi)
  8379 | D:8      | Noticed a +0 long sword of chaos
  8407 | D:8      | Killed a +0 long sword of chaos
  8408 | D:8      | Reached skill level 5 in Short Blades
  8408 | D:8      | Reached skill level 5 in Axes
  8408 | D:8      | Reached skill level 5 in Maces & Flails
  8408 | D:8      | Reached skill level 5 in Polearms
  8408 | D:8      | Reached skill level 5 in Staves
  8408 | D:8      | Reached skill level 5 in Slings
  8408 | D:8      | Reached skill level 5 in Bows
  8408 | D:8      | Reached skill level 5 in Crossbows
  8408 | D:8      | Reached skill level 5 in Throwing
  8408 | D:8      | Reached skill level 5 in Stealth
  8408 | D:8      | Reached skill level 5 in Shields
  8408 | D:8      | Reached skill level 5 in Unarmed Combat
  8408 | D:8      | Reached skill level 5 in Spellcasting
  8408 | D:8      | Reached skill level 5 in Evocations
  8517 | D:8      | Killed dricus's ghost
  8874 | D:8      | Found an ornate altar of the Wu Jian Council.
  9109 | D:8      | Found a bloodstained altar of Trog.
  9163 | D:9      | Noticed Maggie
  9196 | D:9      | Found a burning altar of Makhleb.
  9717 | D:9      | Found a snail-covered altar of Cheibriados.
  9827 | D:9      | Killed Maggie
 10442 | D:9      | Noticed Joseph
 10484 | D:9      | Killed Joseph
 10850 | D:9      | Reached XP level 11. HP: 87/87 MP: 19/19
 10856 | D:9      | Noticed Gastronok
 10901 | D:9      | Killed Gastronok
 10902 | D:9      | Reached skill level 5 in Conjurations
 10902 | D:9      | Reached skill level 5 in Hexes
 10902 | D:9      | Reached skill level 5 in Summonings
 10902 | D:9      | Reached skill level 5 in Necromancy
 10902 | D:9      | Reached skill level 5 in Translocations
 10902 | D:9      | Reached skill level 5 in Transmutations
 10902 | D:9      | Reached skill level 5 in Fire Magic
 10902 | D:9      | Reached skill level 5 in Ice Magic
 10902 | D:9      | Reached skill level 5 in Air Magic
 10902 | D:9      | Reached skill level 5 in Earth Magic
 10902 | D:9      | Reached skill level 5 in Poison Magic
 11097 | D:9      | Found an iron altar of Okawaru.
 11181 | D:10     | Entered Level 10 of the Dungeon
 11533 | D:10     | Found a staircase to the Orcish Mines.
 11548 | D:10     | Noticed a two-headed ogre
 11570 | D:10     | Killed a two-headed ogre
 11570 | D:10     | Reached **** piety under Trog
 12650 | D:10     | Found a staircase to the Lair.
 12775 | D:11     | Noticed a boulder beetle
 12775 | D:11     | Noticed a cyclops
 12805 | D:11     | Killed a boulder beetle
 12813 | D:11     | Killed a cyclops
 12862 | D:11     | Found Xoept's General Store.
 12898 | D:11     | Noticed a red ugly thing
 12910 | D:11     | Killed a red ugly thing
 12989 | D:11     | Noticed a purple ugly thing
 12995 | D:11     | Killed a purple ugly thing
 12996 | D:11     | Reached XP level 12. HP: 88/96 MP: 22/22
 13049 | D:11     | Found Haluob's Hydra Hut.
 13054 | D:11     | Noticed a four-headed hydra
 13066 | D:11     | Bought a +2 long sword of flaming for 329 gold pieces
 14350 | D:12     | Found Yzior's Pet Rocks.
 14418 | D:12     | Bought a wand of digging (4) for 240 gold pieces
 14466 | D:12     | Reached ***** piety under Trog
 14694 | D:12     | HP: 2/145 [skeletal warrior/+0 trident[a skeletal warrior]
                  | (9)]
 14896 | D:12     | Reached skill level 10 in Fighting
 14896 | D:12     | Reached skill level 10 in Long Blades
 15561 | D:13     | Noticed Rupert
 15581 | D:13     | Killed Rupert
 15582 | D:13     | Reached XP level 13. HP: 103/103 MP: 24/24
 15625 | D:13     | Noticed Nessos
 15627 | D:13     | HP: 5/103 [poisoned by Nessos]
 15732 | D:13     | Found a gate to the Vaults.
 15732 | D:13     | Noticed Urug
 15917 | D:12     | Killed Urug
 16058 | D:12     | Killed Nessos
 16231 | D:13     | Found Fabi's Assorted Antiques.
 16292 | D:13     | Found an opulent altar of Gozag.
 17113 | D:14     | Found a gateway to a bazaar.
 17129 | Bazaar   | Entered a bazaar
 17129 | Bazaar   | Found Kamecrom's Antique Weapon Shoppe.
 17129 | Bazaar   | Found Ziucu's Book Emporium.
 17302 | Bazaar   | Found Zuleer's Antique Weapon Shoppe.
 17302 | Bazaar   | Found Nataz's Jewellery Emporium.
 17707 | D:14     | Found a transporter.
 17707 | D:14     | Noticed an azure jelly
 17724 | D:14     | Noticed a great orb of eyes
 17996 | D:14     | Found a portal to a secret trove of treasure.
 18192 | D:14     | Found a viscous altar of Jiyva.
 18193 | D:14     | Found a transporter.
 18668 | D:15     | Entered Level 15 of the Dungeon
 18669 | D:15     | Found a staircase to the Depths.
 19074 | D:15     | Noticed Josephine
 19182 | D:14     | Slain by a skeletal warrior

Illustrated notes

Levels and vault maps discovered:
D:1:      heliophobic_arrival_henge, layout_loops_ring, dk_noncrumbling_2,
          minmay_misc_feat_four_crosses, minmay_pentomino_s4
D:2:      layout_loops_ring, overflow_temple_1_default,
          chequers_serial_rivers_marsh
D:3:      layout_loops_corners, nicolae_qazlal_style_of_elements,
          grunt_ministairs_6, uniq_natasha
D:4:      cheibrodos_old_hovel, layout_basic, kennysheep_mini
D:5:      layout_basic, lemuel_round_altar, minmay_temple_entry_grid,
          hex_intersection, kennysheep_generic_room_4, uniq_sigmund
D:6:      layout_rooms, yredelemnul_altar_generic, kennysheep_nondescript,
          grunt_ashenzari_visionary [grunt_ashenzari_visionary_shoals,
          grunt_ashenzari_visionary_spider]
D:7:      layout_basic, general_overflow_altar, kennysheep_little_box,
          marbit_many_paths
D:8:      layout_loops_ring, nzn_wu_jian_council_hall, lemuel_round_altar,
          ebering_ghost_xom
D:9:      layout_small_grid, lemuel_crystal_altar, slow_altar_1,
          okawaru_altar_gauntlet_db, uniq_joseph, uniq_gastronok, uniq_maggie
D:10:     layout_roguey, lair_entry_dummy, david_orc_3
D:11:     layout_roguey, serial_shops, shop, doesnt_shop_hydraphobe
D:12:     layout_irregular_city, chequers_serial_rivers_micro_b,
          guppyfry_shop_earth
D:13:     layout_basic, david_vaults_3, basic_altar, serial_shops, shop,
          uniq_nessos, uniq_rupert
D:14:     gammafunk_jiyva_shrine, layout_stronghold,
          nicolae_trove_entry_diagonal, nicolae_benzene_ring, serial_shops,
          statue_bzr, serial_bayou_crossing
D:15:     gammafunk_depths_entry_grave, layout_long_grid,
          amcnicky_mini_rare_corridor_liquid, uniq_josephine

Skill      XL: |  1  2  3  4  5  6  7  8  9 10 11 12 13 |
---------------+----------------------------------------+-----
Invocations    | 1 2 3 4 5 6 7 8 9 |  9.5
Short Blades   | 1 2 3 4 5 6 7 8 |  8.7
Axes           | 1 2 3 4 5 6 7 8 |  8.7
Maces & Flails | 1 2 3 4 5 6 7 8 |  8.7
Polearms       | 1 2 3 4 5 6 7 8 |  8.7
Staves         | 1 2 3 4 5 6 7 8 |  8.7
Slings         | 1 2 3 4 5 6 7 8 |  8.7
Bows           | 1 2 3 4 5 6 7 8 |  8.7
Crossbows      | 1 2 3 4 5 6 7 8 |  8.7
Throwing       | 1 2 3 4 5 6 7 8 |  8.7
Stealth        | 1 2 3 4 5 6 7 8 |  8.7
Shields        | 1 2 3 4 5 6 7 8 |  8.7
Unarmed Combat | 1 2 3 4 5 6 7 8 |  8.7
Spellcasting   | 1 2 3 4 5 6 7 8 |  8.7
Evocations     | 1 2 3 4 5 6 7 8 |  8.7
Conjurations   | 1 2 3 4 5 6 7 |  7.2
Hexes          | 1 2 3 4 5 6 7 |  7.2
Summonings     | 1 2 3 4 5 6 7 |  7.2
Necromancy     | 1 2 3 4 5 6 7 |  7.2
Translocations | 1 2 3 4 5 6 7 |  7.2
Transmutations | 1 2 3 4 5 6 7 |  7.2
Fire Magic     | 1 2 3 4 5 6 7 |  7.2
Ice Magic      | 1 2 3 4 5 6 7 |  7.2
Air Magic      | 1 2 3 4 5 6 7 |  7.2
Earth Magic    | 1 2 3 4 5 6 7 |  7.2
Poison Magic   | 1 2 3 4 5 6 7 |  7.2
Armour         | 5 6 7 8 9 |  9.9
Dodging        | 5 6 7 8 9 |  9.9
Fighting       | 7 8 9 10 | 10.8
Long Blades    | 7 8 9 10 | 10.8

Action                   |  1- 3 |  4- 6 |  7- 9 | 10-12 | 13-15 || total
-------------------------+-------+-------+-------+-------+-------++-------
Melee: Falchion          |    80 |   249 |   430 |   487 |       ||  1246
       Bite              |    13 |    36 |    70 |   159 |    39 ||   317
       Punch             |       |     1 |     9 |    31 |     1 ||    42
       Great sword       |       |       |       |    81 |       ||    81
       Long sword        |       |       |       |   364 |    28 ||   392
       Executioner's axe |       |       |       |       |   199 ||   199
Invok: Trog's Hand       |     1 |     2 |     5 |    21 |     3 ||    32
       Berserk           |       |     2 |     4 |    17 |     3 ||    26
       Brothers in Arms  |       |       |       |     1 |       ||     1
Evoke: Wand              |       |     1 |     1 |    20 |     8 ||    30
  Use: Scroll            |     4 |     3 |     5 |     4 |     4 ||    20
       Potion            |       |       |     7 |     6 |     1 ||    14
 Stab: Sleeping          |     1 |     1 |       |       |       ||     2
       Paralysed         |       |     5 |     2 |     5 |       ||    12
       Invisible         |       |       |       |     5 |       ||     5
Armor: Animal skin       |    13 |    10 |       |       |       ||    23
       Chain mail        |       |    98 |   226 |   454 |    31 ||   809
       Plate armour      |       |       |       |       |   127 ||   127
Dodge: Dodged            |    46 |   113 |   168 |   464 |   185 ||   976
Block: Other             |       |       |       |       |    55 ||    55
       Reflection        |       |       |       |       |     2 ||     2
       Rpst.: Falchion   |    17 |    39 |    63 |    61 |       ||   180
       Great sword       |       |       |       |    11 |       ||    11
       Long sword        |       |       |       |    47 |     7 ||    54

Table legend: (Time is in decaauts)
 A = Elapsed time spent in this place.
 B = Non-inter-level travel time spent in this place.
 C = Inter-level travel time spent in this place.
 D = Time resting spent in this place.
 E = Time spent auto-exploring this place.
 F = Levels seen in this place.
 G = Mean time per level.
                   A        B        C        D        E       F      G
               +--------+--------+--------+--------+--------+-----+--------+
         Total |  19392 |  18721 |    671 |   4886 |   9052 |  16 | 1212.0 |
       Dungeon |  19169 |  18498 |    671 |   4698 |   9038 |  15 | 1277.9 |
        Bazaar |    223 |    223 |      0 |    187 |     14 |   1 |  223.0 |
               +--------+--------+--------+--------+--------+-----+--------+

Top non-repeatable levels by time:
    D:12: 2237 daAuts
    D:14: 1898 daAuts
     D:9: 1857 daAuts
     D:8: 1798 daAuts
     D:3: 1638 daAuts
    D:10: 1572 daAuts
     D:4: 1247 daAuts
     D:6: 1050 daAuts
    D:11: 1031 daAuts
     D:5: 1022 daAuts
    D:13: 1001 daAuts
     D:2: 950 daAuts
     D:7: 924 daAuts
     D:1: 715 daAuts
    D:15: 223 daAuts
